AoeStats
← Legnitor

Fortress

510814654Analyzed
1v1 RM · 1d ago on Oct 2, 2026· 56m 19s· 2 players
Game mode
Random Map
Map size
Small (3 player)
Population
200
Speed
Normal
Resources
Standard
Victory
Conquest
Starting age
Dark Age
Ending age
Imperial Age
RankedLock teamsTeams togetherTeam positionsShared explorationLock speedFull tech treeHidden civsTurbo modeCheats
Victory
Defeat
🇳🇱 Vietnamese · Netherlands
1306
+15
🇩🇪 Persians · Germany
1290
-15
Legnitor
6:38 Feudal Age
7:33 Double-Bit Axe
7:30 Horse Collar
8:30 Wheelbarrow
13:22 Castle Age
12:46 Bloodlines
12:23 Loom
13:21 Light Cavalry
14:02 Husbandry
15:28 Bow Saw
16:46 Heavy Plow
17:55 Gold Mining
19:21 Hand Cart
20:48 Stone Mining
25:27 Imperial Age
23:47 Gold Shaft Mining
23:31 Town Watch
24:09 Scale Barding Armor
24:15 Forging
24:44 Fletching
24:55 Padded Archer Armor
25:15 Chain Barding Armor
25:23 Elite Skirmisher
25:55 Elite War Elephant
27:36 Bodkin Arrow
28:02 Leather Archer Armor
28:32 Ballistics
28:25 Masonry
28:18 Cavalier
29:30 Ring Archer Armor
31:13 Plate Barding Armor
32:33 Chemistry
31:53 Ballistics
34:41 Iron Casting
37:59 Conscription
41:12 Heavy Camel Rider
43:36 Blast Furnace
45:19 Murder Holes
46:08 Capped Ram
47:35 Siege Ram
48:45 Hussar
BApp
7:02 Feudal Age
10:54 Castle Age
8:56 Double-Bit Axe
9:09 Horse Collar
11:57 Bow Saw
12:17 Heavy Plow
12:19 Gold Mining
17:31 Wheelbarrow
17:46 Fletching
18:38 Bodkin Arrow
18:59 Stone Mining
19:38 Loom
19:40 Town Watch
24:37 Imperial Age
22:31 Hand Cart
22:31 Padded Archer Armor
23:43 Ballistics
24:42 Squires
26:11 Masonry
29:12 Chemistry
29:38 Bracer
30:55 Elite Rattan Archer
33:40 Two-Man Saw
32:51 Scale Mail Armor
35:43 Chain Mail Armor
35:39 Forging
36:20 Bloodlines
36:10 Husbandry
36:30 Light Cavalry
36:52 Cavalier
39:02 Plate Mail Armor
38:38 Scale Barding Armor
39:27 Plate Mail Armor
39:47 Murder Holes
40:32 Chain Barding Armor
40:28 Chatras
42:03 Hoardings
43:38 Plate Barding Armor
45:16 Iron Casting
47:53 Leather Archer Armor
49:16 Paper Money
48:41 Treadmill Crane
50:21 Ring Archer Armor
50:36 Siege Engineers
53:53 Elite Battle Elephant
Connection lost

Rejoining the realm…

Still unreachable

The connection could not be restored.

Session expired

The server has moved on; the page needs a fresh start.